 Seeded DCSS version 0.27-a0-860-gaf99fae3ca (webtiles) character file.

Game seed: 20210401 (custom seed)

3087 Snicker the Covert (level 9, 0/66 HPs)
             Began as a Demonspawn Brigand on Apr 1, 2021.
             Was a Follower of Okawaru.
             Splashed by Maurice's acid (3 damage)
             ... on level 8 of the Dungeon.
             The game lasted 00:12:59 (9880 turns).

Snicker the Covert (Demonspawn Brigand)             Turns: 9880, Time: 00:13:01

Health: 0/66       AC:  8    Str: 11    XL:     9   Next: 59%
Magic:  0/9        EV:  6    Int: 13    God:    Okawaru [*.....]
Gold:   0          SH:  0    Dex: 18    Spells: 3/8 levels left

rFire    + . .     SeeInvis .   b - +2 whip (elec)
rCold    . . .     Faith    .   N - +0 buckler {rF+}
rNeg     . . .     Spirit   +   M - +4 ring mail {rPois}
rPois    +         Reflect  .   t - +0 helmet
rElec    .         Harm     .   h - scarf {shadows}
rCorr    .         Rampage  .   (no gloves)
Will     .....                  (no boots)
Stlth    +++.......             F - amulet of guardian spirit
HPRegen  0.21/turn              (no ring)
MPRegen  0.11/turn              (no ring)

@: corroded, held
A: claws 1, icy blue scales 1, foul stench 3
a: Renounce Religion, Heroism


You were on level 8 of the Dungeon.
You worshipped Okawaru.
Okawaru was aware of your devotion.
You visited 2 branches of the dungeon, and saw 9 of its levels.
You also visited: Ossuary.

You collected 474 gold pieces.
You spent 474 gold pieces at shops.

Inventory:

Hand Weapons
 a - a +2 short sword of speed
 b - a +2 whip of electrocution (weapon)
 s - a +2 trident of freezing
 x - a +2 dagger
 E - a +2 rapier of draining
Missiles
 d - 20 poisoned darts (quivered)
 e - 2 curare-tipped darts
Armour
 c - a +0 cloak
 h - a scarf of shadows (worn)
 l - a +0 robe
 t - a +0 helmet (worn)
 L - +0 steam dragon scales
 M - a +4 ring mail of poison resistance (worn)
 N - a +0 buckler of fire resistance (worn)
Jewellery
 F - an amulet of guardian spirit (around neck)
Wands
 r - a wand of digging (13)
 w - a wand of iceblast (11)
Scrolls
 f - a scroll of magic mapping {unknown}
 g - 2 scrolls of silence {unknown}
 i - 2 scrolls of holy word {unknown}
 j - a scroll of blinking {unknown}
 k - 3 scrolls of amnesia {unknown}
 n - 4 scrolls of identify {unknown}
 p - 3 scrolls of noise {unknown}
 y - a scroll of immolation {unknown}
 A - 2 scrolls of enchant weapon {unknown}
 D - a scroll of torment {unknown}
 G - a scroll of teleportation {unknown}
 H - 2 scrolls of summoning {unknown}
 O - a scroll of enchant armour {unknown}
Potions
 m - 2 potions of attraction {unknown}
 q - 5 potions of lignification {unknown}
 u - a potion of degeneration {unknown}
 v - a potion of brilliance {unknown}
 z - a potion of berserk rage {unknown}
 B - a potion of invisibility {unknown}
 J - a potion of ambrosia {unknown}
 K - 2 potions of heal wounds


   Skills:
 + Level 4.4 Fighting
 * Level 5.5 Short Blades
 + Level 2.7(3.9) Axes
 + Level 4.2(4.6) Maces & Flails
 + Level 0.6(1.8) Polearms
 + Level 1.8 Throwing
 + Level 1.0 Armour
 + Level 3.4 Dodging
 * Level 8.5 Stealth
 * Level 3.6 Translocations


You had 3 spell levels left.
You knew the following spells:

 Your Spells              Type           Power      Damage    Failure   Level
a - Blink                 Tloc           N/A        N/A       38%         2
b - Confusing Touch       Hex            0%         N/A       98%         3

Your spell library contained the following spells:

 Spells                   Type           Power      Damage    Failure   Level
 Gell's Gravitas          Tloc           4%         N/A       63%         3
 Magic Dart               Conj           0%         1d3       77%         1
 Call Imp                 Summ           0%         N/A       88%         2
 Poisonous Vapours        Pois/Air       0%         N/A       88%         2
 Searing Ray              Conj           0%         3d3       88%         2
 Slow                     Hex            0%         N/A       88%         2
 Conjure Flame            Conj/Fire      0%         6-21      98%         3
 Dazzling Flash           Conj/Hex       0%         N/A       98%         3
 Mephitic Cloud           Conj/Pois/Air  0%         N/A       98%         3
 Iskenderun's Mystic Bla  Conj/Tloc      4%         2d3       99%         4
 Fulminant Prism          Conj/Hex       0%         3d6       100%        4
 Petrify                  Tmut/Erth      0%         N/A       100%        4
 Metabolic Englaciation   Hex/Ice        0%         N/A       100%        5
 Yara's Violent Unravell  Hex/Tmut       0%         3d3       100%        5
 Freezing Cloud           Conj/Ice/Air   0%         6-21      100%        6


Dungeon Overview and Level Annotations

Branches:
Dungeon (8/15)             Temple (1/1) D:7            Lair (0/6) D:8
Ossuary (visited)

Altars:
Ashenzari
Cheibriados
Dithmenos
Fedhas
Hepliaklqana
Kikubaaqudgha
Makhleb
Okawaru
Qazlal
Ru
Sif Muna
Trog
Uskayaw
Vehumet
Wu Jian
Xom
Yredelemnul
The Shining One

Shops:
D:2 (   D:8 [

Annotations:
D:6 3 runed translucent doors, Dittersdorf's ghost, novice GrFi; Drazool's ghost, novice DECj; dickylongcocking's ghost, novice OpTm; srzhan31's ghost, novice DjFE
D:7 2 transporters, jasper's ghost, weakling MiDe
D:8 Maurice


Innate Abilities, Weirdness & Mutations

You have sharp fingernails.
You are partially covered in icy blue scales. (AC +2)
You frequently emit foul miasma when damaged in melee.


Message History

Something steals 1 of your 2 scrolls labelled VEARRY KEUTAA!
You see here a howler monkey corpse.
You hit something. Something hits you!
Something steals your +2 hand axe of flaming!
You barely miss something. Something hits you.
Something steals your 2 fizzy black potions!
You miss something. Something hits you but does no damage.
You barely miss something. Something hits you but does no damage.
You miss something.
You hear a zap.
A bolt of acid appears from out of thin air!
The bolt of acid misses you.
You hit something but do no damage. Lightning courses through something!
You whack something! You whack something! Something hits you.
Something steals your 2 throwing nets!
You closely miss something.
You hear a zap.
A bolt of acid appears from out of thin air!
The bolt of acid hits you. The acid corrodes you!
You are splashed with acid!
You miss something.
You hear some strange, mumbled words.
You miss something. Something hits you.
Something steals 98 gold pieces!
You now have 0 gold pieces.
You miss something.
You hear some strange, mumbled words.
An orc warrior comes into view.
It is wielding a +1 scimitar of freezing.
A throwing net appears from out of thin air!
The throwing net hits you.
You become entangled in the net!
You see here a throwing net.
Unknown command.
Unknown command.
You struggle against the net.
Unknown command.
You tear a large gash into the net.
You hear a zap.
A bolt of acid appears from out of thin air!
The bolt of acid hits you!!
* * * LOW HITPOINT WARNING * * *
You are splashed with acid.
You die...

#.....# #.....# #$....#
############ #.....###
#..........#####........
#.........<...##......##
'.......).....'.........
#........#....#.#.###.##
......).....{..†@....>#
#.####.#.....o#.#.#####
.># #.#....###.#.# ####
#......###.#.# ...#
##.........#.# ...#
#......####.# ...#
#..#.#.# #.# ...#
##.#.<.# ...# #.#...#


You could see an orc warrior.

Vanquished Creatures
  Harold (D:7)
  An elephant (D:8)
  A basilisk (D:8)
  A wyvern (D:8)
  A steam dragon (D:8)
  A water moccasin (D:6)
  2 sky beasts (D:7)
  An orc warrior (D:6)
  A black bear (D:8)
  A centaur (D:4)
  2 ogres
  2 water moccasin zombies (Ossuary)
  A scorpion (D:6)
  3 howler monkeys
  An electric eel (D:7)
  A bullfrog zombie (D:7)
  2 hounds
  2 centaur skeletons (D:6)
  A bullfrog skeleton (D:6)
  3 orc priests
  4 iguanas
  An orc wizard (D:8)
  A hound skeleton (D:4)
  2 mummies (Ossuary)
  7 adders
  A white imp (D:6)
  7 adder zombies (Ossuary)
  3 worms
  4 dart slugs
  14 orcs
  4 bats
  6 endoplasms
  4 giant cockroaches
  6 goblins
  6 hobgoblins
  6 jackals
  6 kobolds
  5 quokkas
  4 ball pythons
  3 frilled lizards
  3 gnoll zombies (Ossuary)
  3 hobgoblin zombies (Ossuary)
  5 kobold zombies (Ossuary)
  4 orc zombies (Ossuary)
  6 rats
144 creatures vanquished.

Notes
Turn   | Place    | Note
-------+----------+-------------------------------------------
     0 | D:1      | Snicker the Demonspawn Brigand began the quest for the Orb.
     0 | D:1      | Reached XP level 1. HP: 16/16 MP: 1/1
   264 | D:1      | Gained mutation: You are partially covered in icy blue
                  | scales. (AC +2) [demonic ancestry]
   264 | D:1      | Reached XP level 2. HP: 19/22 MP: 2/2
   460 | D:1      | Reached skill level 1 in Dodging
   613 | D:1      | Reached skill level 4 in Stealth
  1527 | D:2      | Reached XP level 3. HP: 27/27 MP: 3/3
  2427 | D:2      | Found Somooc's Antique Weapon Shop.
  2548 | D:2      | Gained mutation: You have sharp fingernails. [demonic
                  | ancestry]
  2548 | D:2      | Reached XP level 4. HP: 33/33 MP: 4/4
  3111 | D:3      | Found a stormy altar of Qazlal.
  3760 | D:4      | Reached skill level 5 in Stealth
  3760 | D:4      | Gained mutation: You may rarely emit foul miasma when
                  | damaged in melee. [demonic ancestry]
  3760 | D:4      | Reached XP level 5. HP: 15/39 MP: 5/5
  4534 | D:4      | Noticed a centaur
  4547 | D:4      | Killed a centaur
  4548 | D:4      | Reached skill level 1 in Axes
  4548 | D:4      | Gained mutation: You sometimes emit foul miasma when
                  | damaged in melee. [demonic ancestry]
  4548 | D:4      | Reached XP level 6. HP: 34/46 MP: 6/6
  5090 | D:5      | Entered Level 5 of the Dungeon
  6028 | D:6      | Reached XP level 7. HP: 52/52 MP: 7/7
  6032 | D:6      | Learned a level 2 spell: Blink
  6361 | D:6      | Reached skill level 6 in Stealth
  6361 | D:6      | Reached skill level 1 in Translocations
  6474 | D:6      | Found a runed translucent gate.
  6474 | D:6      | Found a runed translucent gate.
  6475 | D:6      | Found a runed translucent gate.
  6476 | D:6      | Noticed dickylongcocking's ghost (novice OpTm)
  6476 | D:6      | Noticed Dittersdorf's ghost (novice GrFi)
  6477 | D:6      | Noticed Drazool's ghost (novice DECj)
  6477 | D:6      | Noticed srzhan31's ghost (novice DjFE)
  6588 | D:6      | Reached skill level 1 in Maces & Flails
  6972 | D:6      | Found an ancient bone altar of Kikubaaqudgha.
  6982 | D:6      | Gained mutation: You frequently emit foul miasma when
                  | damaged in melee. [demonic ancestry]
  6982 | D:6      | Reached XP level 8. HP: 58/58 MP: 8/8
  6990 | D:6      | Learned a level 3 spell: Confusing Touch
  7549 | D:7      | Found a staircase to the Ecumenical Temple.
  7561 | D:7      | Noticed Harold
  7573 | D:7      | Killed Harold
  7574 | D:7      | Reached skill level 5 in Short Blades
  7574 | D:7      | Reached skill level 7 in Stealth
  7597 | Temple   | Entered the Ecumenical Temple
  8131 | D:7      | Found a transporter.
  8193 | D:7      | Reached XP level 9. HP: 65/65 MP: 9/9
  8282 | Temple   | Became a worshipper of Warmaster Okawaru
  8409 | D:7      | Found a shimmering blue altar of Sif Muna.
  8516 | D:7      | Found a transporter.
  8517 | D:7      | Noticed jasper's ghost (weakling MiDe)
  8818 | D:8      | Found a sand-covered staircase.
  8856 | Ossuary  | Entered an ossuary
  9201 | D:8      | Reached skill level 8 in Stealth
  9435 | D:8      | Found Jasse's Armour Shoppe.
  9442 | D:8      | Bought a +4 ring mail of poison resistance for 336 gold
                  | pieces
  9442 | D:8      | Bought a +0 buckler of fire resistance for 138 gold pieces
  9482 | D:8      | Found a staircase to the Lair.
  9483 | D:8      | Noticed an elephant
  9536 | D:8      | Killed an elephant
  9536 | D:8      | Reached * piety under Okawaru
  9537 | D:8      | Reached skill level 1 in Armour
  9845 | D:8      | Noticed Maurice
  9880 | D:8      | HP: 3/66 [something/bolt of acid (19)]
  9880 | D:8      | Splashed by Maurice's acid

Illustrated notes

Levels and vault maps discovered:
D:1:      dpeg_arrival_round_c, layout_basic
D:2:      layout_loops_ring, serial_shops, nicolae_shop_crystal
D:3:      layout_loops_cross, nicolae_qazlal_scattered_showers
D:4:      layout_loops_corners
D:5:      layout_basic
D:6:      layout_loops_ring, lemuel_coloured_pillars_altar,
          gammafunk_ghost_cemetery
D:7:      layout_basic, nicolae_overflow_crystal_walls,
          minmay_temple_entry_ruins, gammafunk_ghost_mausoleum,
          kennysheep_minor_cross, kennysheep_generic_room_16, uniq_harold
D:8:      layout_basic, kennysheep_little_box, marbit_many_paths,
          old_standard_altar, david_lair_generic, serial_shops, shop,
          lightli_ossuary_entry_decrepit_ruins, uniq_pikel, uniq_gastronok,
          uniq_maurice
Temple:   regret_index_temple_waves

Skill      XL: |  1  2  3  4  5  6  7  8  9 |
---------------+----------------------------+-----
Short Blades   | 2 3 4 5 |  5.5
Dodging        | 1 2 3 |  3.4
Stealth        | 4 5 6 7 8 |  8.5
Axes           | 1 2 |  2.7
Fighting       | 3 4 |  4.4
Translocations | 1 2 3 |  3.6
Maces & Flails | 1 2 4 |  4.2
Armour         | 1 |  1.0
Polearms       | |  0.6
Throwing       | |  1.8

Action                   |  1- 3 |  4- 6 |  7- 9 || total
-------------------------+-------+-------+-------++-------
Melee: Dagger            |   149 |    14 |       ||   163
       Hand axe          |       |    51 |       ||    51
       Trident           |       |     6 |       ||     6
       Short sword       |       |    17 |    46 ||    63
       Whip              |       |    12 |   142 ||   154
Throw: Dart              |       |       |     3 ||     3
  Use: Potion            |       |     1 |     2 ||     3
 Stab: Sleeping          |    15 |    12 |    16 ||    43
       Distracted        |       |     1 |       ||     1
Armor: Robe              |    35 |    23 |    30 ||    88
       Ring mail         |       |       |    27 ||    27
Dodge: Dodged            |    66 |    64 |   105 ||   235
Block: Buckler           |       |       |     4 ||     4

Table legend: (Time is in decaauts)
 A = Elapsed time spent in this place.
 B = Non-inter-level travel time spent in this place.
 C = Inter-level travel time spent in this place.
 D = Time resting spent in this place.
 E = Time spent auto-exploring this place.
 F = Levels seen in this place.
 G = Mean time per level.
                   A        B        C        D        E       F      G
               +--------+--------+--------+--------+--------+-----+--------+
         Total |   9823 |   9396 |    427 |   1099 |   6962 |  10 |  982.3 |
       Dungeon |   9034 |   8758 |    276 |    977 |   6645 |   8 | 1129.2 |
        Temple |    472 |    322 |    150 |      0 |    317 |   1 |  472.0 |
       Ossuary |    316 |    316 |      0 |    122 |      0 |   1 |  316.0 |
               +--------+--------+--------+--------+--------+-----+--------+

Top non-repeatable levels by time:
     D:4: 1657 daAuts
     D:1: 1514 daAuts
     D:6: 1429 daAuts
     D:2: 1231 daAuts
     D:8: 975 daAuts
     D:7: 814 daAuts
     D:5: 737 daAuts
     D:3: 674 daAuts
  Temple: 472 daAuts
 Ossuary: 316 daAuts
